 Dungeon Crawl Stone Soup version 0.20.0-15-g7f486f2 (webtiles) character file.

18 Zachthehappycat the Charlatan (level 2, 0/14 HPs)
             Began as a Spriggan Artificer on June 29, 2017.
             Slain by a jackal (2 damage)
             ... on level 1 of the Dungeon.
             The game lasted 00:02:20 (820 turns).

Zachthehappycat the Charlatan (Spriggan Artificer)   Turns: 820, Time: 00:02:22

Health: 0/14       AC:  4    Str:  8    XL:     2   Next: 51%
Magic:  6/6        EV: 18    Int: 12    God:
Gold:   24         SH:  0    Dex: 16    Spells: 1/1 levels left

rFire    . . .     SeeInvis +   a - +0 short sword
rCold    . . .     Gourm    .   (shield restricted)
rNeg     . . .     Faith    .   b - +0 robe
rPois    .         Spirit   .   (helmet restricted)
rElec    .         Reflect  .   (no cloak)
rCorr    .         Harm     .   (gloves unavailable)
MR       .....                  (boots unavailable)
Stlth    ++........             (no amulet)
Regen    0.1/turn               (no ring)
MPRegen  0.1/turn               (no ring)

@: very slightly contaminated, constricted, very quick
A: unfitting armour, repulsion field 1, icy blue scales 1, see invisible,
herbivore 3, speed 3, slow metabolism 2
a: no special abilities


You were on level 1 of the Dungeon.
You were not hungry.

You visited 1 branch of the dungeon, and saw 1 of its levels.

You collected 24 gold pieces.

Inventory:

Hand Weapons
 a - a +0 short sword (weapon)
Armour
 b - a +0 robe (worn)
Wands
 c - a wand of flame (15/48)
 d - a wand of enslavement (15/24)
 e - a wand of random effects (15/48)
Comestibles
 f - a bread ration


   Skills:
 + Level 0.7 Fighting
 + Level 1.5 Short Blades
 + Level 3.5 Dodging
 + Level 1.5 Stealth
 + Level 4.7 Evocations


You had one spell level left.
You didn't know any spells.

Dungeon Overview and Level Annotations

Branches:
Dungeon (1/15)

Altars:


Innate Abilities, Weirdness & Mutations

You are very small and have problems with some larger weapons.
You are too small for most types of armour.
You have supernaturally acute eyesight. (SInv)
You are a herbivore.
You cover ground extremely quickly.
You need consume almost no food.
You are surrounded by a mild repulsion field. (EV +2)
You are partially covered in icy blue scales. (AC +2)


Message History

The jackal misses you. x2; The jackal closely misses you.
The ball python completely misses you. The ball python constricts you.
You barely miss the jackal. The jackal misses you. x2
The jackal barely misses you. The ball python completely misses you.
The ball python constricts you.
You hit the jackal.
The jackal is heavily wounded.
The jackal bites you but does no damage. x2
The jackal barely misses you. The ball python barely misses you.
The ball python constricts you. The jackal closely misses you.
The jackal bites you.
* * * LOW HITPOINT WARNING * * *
The jackal misses you.
You hit the jackal but do no damage.
The jackal is heavily wounded.
The ball python barely misses you.
* * * LOW HITPOINT WARNING * * *
The ball python constricts you. The jackal closely misses you.
The jackal bites you.
You die...

+.....b....... +....'........
#.....h####### ##....#########
#######.##########......#.......
.......lh.h....................>
#######..h.......#......#.#####.
########..........#.# #.
#........####### # #% #........#
#. #....S@h.# ####. #.....hh.#
#.... #........# #....
...........## ##....
###....##...##+###.##.... #?...
#.#........##.... #....
#####...########' ..####
#.#.########. ... #.#.##...##..


You could see 3 jackals and a ball python.

Vanquished Creatures
  A leopard gecko (D:1)
  3 giant cockroaches (D:1)
  A hobgoblin (D:1)
  4 jackals (D:1)
  4 bats (D:1)
  2 kobolds (D:1)
15 creatures vanquished.

Notes
Turn   | Place    | Note
-------+----------+-------------------------------------------
     0 | D:1      | Zachthehappycat the Spriggan Artificer began the quest for the Orb.
     0 | D:1      | Reached XP level 1. HP: 9/9 MP: 4/4
   361 | D:1      | Reached XP level 2. HP: 7/14 MP: 6/6
   816 | D:1      | Gained mutation: You are agile. (Dex +2) [potion of mutation]
   816 | D:1      | Gained mutation: You are surrounded by a mild repulsion field. (EV +2) [potion of mutation]
   816 | D:1      | Lost mutation: You are agile. (Dex +2) [potion of mutation]
   816 | D:1      | Gained mutation: You are partially covered in icy blue scales. (AC +2) [potion of mutation]
   820 | D:1      | Slain by a jackal

Action                   || total
-------------------------++-------
Melee: Short sword       ||    78
  Use: Scroll            ||     2
       Potion            ||     2
 Stab: Sleeping          ||     1
       Distracted        ||     1
Armor: Robe              ||    18
Dodge: Dodged            ||   105
